 Dungeon Crawl Stone Soup version 0.28-a0-476-g0f06bd746f (webtiles) character file.

Game seed: 12323864303628559278

213 Leszczynek the Chopper (level 6, -3/46 HPs)
             Began as a Human Gladiator on Sept 16, 2021.
             Was an Initiate of the Shining One.
             Slain by Prince Ribbit (9 damage)
             ... on level 5 of the Dungeon.
             The game lasted 00:15:50 (1716 turns).

Leszczynek the Chopper (Human Gladiator)            Turns: 1716, Time: 00:15:50

Health: -3/46      AC:  6    Str: 13 (16) XL:     6   Next: 14%
Magic:  6/6        EV: 11    Int:  5 (8)  God:    the Shining One [......]
Gold:   202        SH:  0    Dex: 13 (15) Spells: 3/5 levels left

rFire   + . .      SeeInvis .   a - +0 war axe
rCold   + . .      Faith    .   (no shield)
rNeg    . . .      Spirit   .   m - +0 ring mail
rPois   +          Reflect  .   c - +0 helmet
rElec   +          Harm     .   (no cloak)
rCorr   +          Rampage  .   (no gloves)
Will    .....                   (no boots)
Stlth   +.........              g - amulet of regeneration
HPRegen 1.15/turn               i - ring of poison resistance
MPRegen 0.10/turn               (no ring)

@: brilliant, about to teleport, resistant, very slightly contaminated, glowing
A: no striking features
a: Renounce Religion


You were on level 5 of the Dungeon.
You worshipped the Shining One.
The Shining One was noncommittal.
You visited 2 branches of the dungeon, and saw 7 of its levels.

You collected 202 gold pieces.

Inventory:

Hand Weapons
 a - a +0 war axe (weapon)
 b - a +0 hand crossbow
Missiles
 d - 3 throwing nets (quivered)
 j - 41 arrows
 r - 72 bolts
Armour
 c - a +0 helmet (worn)
 m - a +0 ring mail (worn)
 q - a +0 leather armour
Jewellery
 g - an amulet of regeneration (around neck)
 i - a ring of poison resistance (left hand)
Scrolls
 f - a scroll of enchant armour {unknown}
 h - 3 scrolls of vulnerability {unknown}
 o - 2 scrolls of torment {unknown}
 p - 2 scrolls of identify {unknown}
 t - a scroll of magic mapping {unknown}
Potions
 e - a potion of invisibility
 l - a potion of magic


   Skills:
 + Level 2.6 Fighting
 - Level 6.1 Axes
 - Level 2.0 Throwing
 - Level 3.0 Dodging


You had 3 spell levels left.
You knew the following spells:

 Your Spells              Type           Power      Damage    Failure   Level
a - Animate Skeleton      Necr           0%         N/A       75%         1
A - Apportation           Tloc           0%         N/A       75%         1

Your spell library contained the following spells:

 Spells                   Type           Power      Damage    Failure   Level
 Summon Small Mammal      Summ           0%         N/A       75%         1
 Gell's Gravitas          Tloc           0%         N/A       98%         3
 Lesser Beckoning         Tloc           0%         N/A       98%         3
 Teleport Other           Tloc           0%         N/A       98%         3


Dungeon Overview and Level Annotations

Branches:
Dungeon (6/15)             Temple (1/1) D:5

Altars:
Ashenzari
Cheibriados
Dithmenos
Elyvilon
Fedhas
Gozag
Kikubaaqudgha
Makhleb
Nemelex Xobeh
Okawaru
Qazlal
Sif Muna
Trog
Uskayaw
Vehumet
Wu Jian
Xom
Yredelemnul
Zin
The Shining One

Annotations:
D:5 Prince Ribbit
D:6 Maggie


Message History

You closely miss Prince Ribbit. Prince Ribbit misses you.
Prince Ribbit blinks!
Unknown command.
You aren't carrying any items that you can evoke.
You miss Prince Ribbit. Prince Ribbit closely misses you.
Prince Ribbit hits you!
Unknown command.
You barely miss Prince Ribbit. Prince Ribbit hits you. Prince Ribbit hits you!
Unknown command.
It was a potion of invisibility.
You become transparent, but the glow from your halo prevents you from becoming completely invisible.
Prince Ribbit blinks!
You are very lightly contaminated with residual magic.
Unknown command.
It was a potion of degeneration.
There was something very wrong with that liquid.
You feel weakened.
You feel dopey.
You feel clumsy.
Prince Ribbit lets out a mournful croak.
It was a potion of resistance.
You feel protected.
It was a potion of brilliance.
You feel clever all of a sudden. Prince Ribbit hits you!
Unknown command.
Okay, then.
Prince Ribbit blinks!
Prince Ribbit lets out a mournful croak.
You closely miss Prince Ribbit. Prince Ribbit hits you! Prince Ribbit hits you!
You flicker for a moment.
Prince Ribbit blinks!
Prince Ribbit hits you.
* * * LOW HITPOINT WARNING * * *
Prince Ribbit hits you!
* * * LOW HITPOINT WARNING * * *
You flicker back into view.
Prince Ribbit blinks!
As you read the scroll of teleportation, it crumbles to dust.
You feel strangely unstable.
Prince Ribbit croaks regally.
Prince Ribbit hits you!
You die...

#.#######
#....##..
####.##?. #.##..
#############.##..
#.............##..
#§##############..
#.# #.....F..
#@########.#####..
#F#.........# #!.
#.#.(.......# #..
#...F.......# #..
###(........# #..
#.........# ###
#.........#
##§........#
##§...##....#


You could see Prince Ribbit.

Vanquished Creatures
  A howler monkey (D:5)
  A centaur zombie (D:5)
  A centaur skeleton (D:4)
  An iguana (D:6)
  A howler monkey skeleton (D:6)
  An adder (D:4)
  A worm (D:3)
  A dart slug (D:3)
  7 orcs
  7 ball pythons
  5 bats
  7 endoplasms
  2 giant cockroaches
  2 goblins
  3 hobgoblins
  9 kobolds
  3 quokkas
  2 frilled lizards
  6 rats
61 creatures vanquished.

Vanquished Creatures (others)
  6 demonic plants (D:1)
  A withered plant (D:1)
7 creatures vanquished.

Grand Total: 68 creatures vanquished

Notes
Turn   | Place    | Note
-------+----------+-------------------------------------------
     0 | D:1      | Leszczynek the Human Gladiator began the quest for the Orb.
     0 | D:1      | Reached XP level 1. HP: 16/16 MP: 1/1
    64 | D:1      | Reached XP level 2. HP: 7/22 MP: 2/2
   122 | D:1      | regen
   330 | D:1      | Found a faded altar of an unknown god.
   352 | D:1      | Reached skill level 4 in Axes
   352 | D:1      | Reached XP level 3. HP: 27/27 MP: 3/3
   378 | D:1      | since the run isn't trash, i'm not getting a random altar
   810 | D:4      | Reached XP level 4. HP: 33/33 MP: 4/4
   839 | D:4      | Reached skill level 5 in Axes
  1070 | D:3      | Reached XP level 5. HP: 38/38 MP: 5/5
  1215 | D:5      | Entered Level 5 of the Dungeon
  1323 | D:6      | Noticed Maggie
  1327 | D:6      | Ouch! That really hurt!
  1351 | D:6      | Learned a level 1 spell: Animate Skeleton
  1353 | D:6      | Learned a level 1 spell: Apportation
  1387 | D:5      | Reached skill level 6 in Axes
  1443 | D:5      | Identified the +2 robe of the Endless Expanse {Harm rC-
                  | Int+3 Dex+5}
  1575 | D:5      | Reached XP level 6. HP: 46/46 MP: 6/6
  1597 | D:5      | Found a staircase to the Ecumenical Temple.
  1605 | Temple   | Entered the Ecumenical Temple
  1641 | Temple   | Became a worshipper of the Shining One
  1675 | D:5      | Noticed Prince Ribbit
  1713 | D:5      | HP: 3/46 [Prince Ribbit (11)]
  1716 | D:5      | Slain by Prince Ribbit

Illustrated notes

######.# .. #
.......########## #.
#####............
#.........########+###
#.....#...............
#....†..#.............
#.....#.[.............
#.....†.#...........$.
#.....#.....@.........
#.......#.....†.......
#.....#...............
#.......#.............
#.....#....##########.
#.......#.##
#.....#...# .......##
#######


Turn 122 on D:1: regen ...### ####### ... ..#########...... ..###....#....###.#
. #....PP.#)....PP# # .##.......#....)..##.# #...P.....#...†)....#
#.P.PPPP.P_.....@.P.# #P......P.#..P.....P# .##.P....P#...P...##.#
..#..P....#.....P.# ## ...###..P.#..PP###. ......#########.# #. .......# ## ..
.......# . .......# Turn 378 on D:1: since the run isn't trash, i'm not getting
a random altar

Levels and vault maps discovered:
D:1:      dpeg_arrival_lava_temple_mockup, layout_basic,
          shapermc_ecumenical_altar_gd, corexii_corridor_pit,
          minmay_misc_feat_pillars, minmay_hexomino_p4
D:2:      kennysheep_big_flooded_room, layout_loops_ring, grunt_ministairs_12
D:3:      layout_loops_cross
D:4:      layout_layer_cave, nicolae_ru_sacrificial_ziggurat
D:5:      layout_basic, minmay_temple_entry_fiery, uniq_menkaure,
          uniq_prince_ribbit1, uniq_duvessa, uniq_grinder
D:6:      minmay_octagon_keep, layout_cave_pools, uniq_maggie
Temple:   compressed_dpeg_triangle_lava_temple

Skill      XL: |  1  2  3  4  5 |
---------------+----------------+-----
Axes           | 4 5 6 |  6.1
Fighting       | |  2.6
Throwing       | |  2.0
Dodging        | |  3.0

Action                   |  1- 3 |  4- 6 || total
-------------------------+-------+-------++-------
Melee: War axe           |    79 |    86 ||   165
  Use: Scroll            |     1 |     2 ||     3
       Potion            |       |     5 ||     5
Armor: Leather armour    |    13 |       ||    13
       Ring mail         |     9 |    49 ||    58
Dodge: Dodged            |    53 |    57 ||   110

Table legend: (Time is in decaauts)
 A = Elapsed time spent in this place.
 B = Non-inter-level travel time spent in this place.
 C = Inter-level travel time spent in this place.
 D = Time resting spent in this place.
 E = Time spent auto-exploring this place.
 F = Levels seen in this place.
 G = Mean time per level.
                   A        B        C        D        E       F      G
               +--------+--------+--------+--------+--------+-----+--------+
         Total |   1805 |   1663 |    142 |      0 |      0 |   7 |  257.9 |
       Dungeon |   1761 |   1629 |    132 |      0 |      0 |   6 |  293.5 |
        Temple |     43 |     33 |     10 |      0 |      0 |   1 |   43.0 |
               +--------+--------+--------+--------+--------+-----+--------+

Top non-repeatable levels by time:
     D:1: 466 daAuts
     D:3: 362 daAuts
     D:5: 316 daAuts
     D:2: 266 daAuts
     D:4: 195 daAuts
     D:6: 152 daAuts
  Temple: 43 daAuts
